Map: Odyssey LE

Players

Shyrshadi - Winner!

  • Race: Protoss Protoss
  • League: Diamond
  • Spawn Location: 5:00

A.I. 1 (Elite)

  • Race: Protoss Protoss
  • Spawn Location: 11:00

VOD

https://www.youtube.com/watch?v=1sbKg6Pj258&t=12s

Description

Time

  • Played on: Aug. 19, 2017, 11:37 p.m.
  • Length: 11:35
Show
View Real Time Build Order
Export as new Build Order

Shyrshadi Protoss - Winner!

Build Orders:  

Get SALT Encoding   

  12  0:01  Probe (Chrono Boost)  
  13  0:11  Probe (Chrono Boost)  
  14  0:17  Pylon  
  14  0:22  Probe (Chrono Boost)  
  15  0:36  Probe (Chrono Boost)  
  15  0:38  Gateway  
  16  0:44  Assimilator  
  16  0:46  Probe (Chrono Boost)  
  17  0:53  Assimilator  
  18  0:57  Probe (Chrono Boost)  
  18  1:07  Probe (Chrono Boost)  
  19  1:11  Gateway  
  20  1:18  Probe (Chrono Boost)  
  20  1:25  Cybernetics Core  
  20  1:29  Probe (Chrono Boost)  
  21  1:39  Probe (Chrono Boost), Pylon  
  22  1:50  Probe (Chrono Boost)  
  23  2:02  Stalker x2, Warp Gate (Chrono Boost)  
  27  2:11  Mothership Core  
  29  2:16  Pylon  
  29  2:32  Stalker  
  29  2:34  Stalker  
  33  2:40  Probe  
  34  2:52  Probe  
  35  3:06  Probe  
  36  3:16  Nexus  
  36  3:18  Probe  
  37  3:23  Pylon  
  37  3:32  Robotics Facility  
  37  3:34  Probe (Chrono Boost)  
  38  3:46  Probe (Chrono Boost)  
  39  3:50  Sentry  
  39  3:53  Sentry  
  43  3:56  Probe (Chrono Boost)  
  44  4:07  Probe (Chrono Boost)  
  45  4:18  Probe (Chrono Boost)  
  45  4:20  Observer (Chrono Boost)  
  47  4:27  Twilight Council  
  47  4:28  Probe x2 (Chrono Boost)  
  49  4:37  Probe  
  49  4:39  Probe  
  49  4:40  Immortal (Chrono Boost)  
  49  4:41  Zealot  
  49  4:42  Zealot  
  59  4:48  Probe  
  59  4:49  Pylon  
  59  4:51  Probe  
  61  4:56  Pylon  
  61  4:59  Probe  
  61  5:03  Charge (Chrono Boost)  
  62  5:07  Probe  
  62  5:12  Gateway  
  63  5:15  Gateway  
  63  5:17  Probe  
  63  5:21  Assimilator  
  64  5:22  Probe  
  64  5:23  Assimilator  
  64  5:25  Immortal  
  65  5:29  Probe  
  70  5:38  Pylon  
  70  5:39  Probe  
  70  5:40  Pylon  
  70  5:41  Probe  
  72  5:51  Probe  
  72  5:52  Zealot  
  72  5:53  Zealot  
  77  5:59  Immortal  
  77  6:10  Pylon  
  81  6:12  Probe x2  
  81  6:13  Pylon  
  83  6:23  Nexus  
  83  6:24  Probe x2 (Chrono Boost)  
  85  6:33  Immortal  
  89  6:47  Pylon  
  89  6:49  Pylon  
  89  6:51  Probe (Chrono Boost)  
  89  6:53  Probe (Chrono Boost)  
  91  7:01  Gateway  
  91  7:02  Probe (Chrono Boost), Gateway  
  91  7:05  Probe (Chrono Boost), Gateway  
  91  7:06  Gateway  
  91  7:07  Immortal  
  97  7:20  Probe (Chrono Boost)  
  97  7:22  Probe (Chrono Boost)  
  99  7:30  Forge  
  99  7:31  Probe (Chrono Boost)  
  99  7:32  Forge  
  99  7:34  Probe (Chrono Boost)  
  101  7:38  Assimilator  
  101  7:41  Assimilator  
  101  7:42  Probe (Chrono Boost), Templar Archives  
  103  7:44  Probe (Chrono Boost)  
  103  7:46  Probe (Chrono Boost)  
  104  7:52  Probe (Chrono Boost)  
  104  7:53  Protoss Ground Weapons Level 1 (Chrono Boost)  
  104  7:54  Protoss Ground Armor Level 1 (Chrono Boost)  
  104  7:55  Probe (Chrono Boost)  
  106  8:10  Immortal (Chrono Boost)  
  110  8:22  High Templar x3  
  110  8:23  High Templar x3  
  110  8:24  High Templar x2  
  110  8:26  Archon  
  126  8:27  Archon x2  
  126  8:28  Archon  
  126  8:37  Pylon  
  126  8:38  Pylon  
  126  8:40  Pylon  
  126  8:42  Pylon  
  126  8:44  Warp Prism (Chrono Boost)  
  126  8:48  Photon Cannon  
  128  8:52  Photon Cannon  
  128  8:55  Photon Cannon  
  128  8:57  Photon Cannon  
  128  9:00  Photon Cannon  
  128  9:02  Photon Cannon  
  128  9:05  Pylon  
  128  9:09  Zealot  
  118  9:10  Zealot x7  
  118  9:25  Immortal (Chrono Boost)  
  122  9:36  Stargate  
  122  9:37  Stargate  
  122  9:46  Nexus  
  122  9:49  Pylon  
  122  9:51  Pylon  
  122  9:52  Zealot  
  122  9:53  Zealot x2  
  122  9:55  Assimilator  
  126  10:03  High Templar x4  
  126  10:06  Zealot  
  130  10:08  Archon  
  130  10:09  Archon  
  128  10:18  Zealot  
  128  10:19  Zealot x2  
  134  10:28  Fleet Beacon  
  132  10:31  Stargate  
  132  10:37  Zealot x5  
  142  10:58  Zealot x8  
Show
View Real Time Build Order
Export as new Build Order

A.I. 1 (Elite) Protoss 

Build Orders: Colossus Rush 

Get SALT Encoding   

  12  0:01  Probe (Chrono Boost)  
  13  0:11  Probe (Chrono Boost)  
  14  0:19  Pylon  
  14  0:22  Probe (Chrono Boost)  
  15  0:37  Probe (Chrono Boost)  
  15  0:40  Gateway  
  16  0:47  Assimilator  
  16  0:48  Probe (Chrono Boost)  
  17  0:58  Probe (Chrono Boost)  
  17  1:00  Pylon  
  18  1:09  Probe (Chrono Boost)  
  19  1:19  Probe (Chrono Boost)  
  20  1:27  Zealot  
  20  1:31  Probe (Chrono Boost), Cybernetics Core  
  23  1:41  Gateway  
  23  1:42  Probe (Chrono Boost)  
  24  1:49  Pylon  
  24  1:54  Probe (Chrono Boost)  
  25  1:56  Zealot  
  27  2:03  Warp Gate  
  27  2:05  Probe (Chrono Boost)  
  28  2:14  Assimilator  
  29  2:16  Probe (Chrono Boost)  
  29  2:23  Adept  
  29  2:27  Adept  
  29  2:28  Probe (Chrono Boost)  
  34  2:38  Pylon  
  34  2:40  Probe (Chrono Boost)  
  35  2:49  Adept  
  38  2:52  Probe (Chrono Boost)  
  38  2:56  Sentry  
  40  3:03  Probe (Chrono Boost)  
  41  3:15  Probe (Chrono Boost)  
  42  3:21  Nexus  
  42  3:26  Probe (Chrono Boost)  
  43  3:27  Stalker  
  44  3:37  Probe (Chrono Boost)  
  45  3:46  Robotics Facility  
  46  3:49  Probe (Chrono Boost)  
  46  3:59  Probe (Chrono Boost)  
  46  4:02  Pylon  
  47  4:19  Adept  
  47  4:21  Probe (Chrono Boost)  
  50  4:26  Adept  
  52  4:32  Probe (Chrono Boost)  
  52  4:34  Probe (Chrono Boost)  
  52  4:38  Adept  
  56  4:44  Probe (Chrono Boost)  
  56  4:45  Probe (Chrono Boost)  
  58  4:49  Robotics Bay  
  58  4:50  Observer  
  59  4:55  Probe (Chrono Boost)  
  59  4:56  Probe (Chrono Boost)  
  61  5:01  Robotics Facility  
  61  5:06  Probe (Chrono Boost)  
  63  5:07  Probe (Chrono Boost)  
  63  5:09  Stalker  
  63  5:10  Pylon  
  63  5:13  Stalker  
  67  5:17  Probe (Chrono Boost)  
  67  5:20  Probe (Chrono Boost), Pylon  
  70  5:28  Probe (Chrono Boost)  
  70  5:31  Colossus  
  76  5:45  Stalker  
  76  5:46  Probe (Chrono Boost)  
  76  5:48  Pylon  
  76  5:49  Probe (Chrono Boost)  
  80  5:58  Twilight Council  
  80  6:00  Assimilator  
  80  6:02  Gateway  
  80  6:03  Assimilator  
  80  6:11  Pylon  
  80  6:14  Zealot  
  82  6:24  Probe x2 (Chrono Boost)  
  84  6:34  Probe (Chrono Boost), Nexus  
  84  6:35  Probe (Chrono Boost)  
  84  6:39  Templar Archives  
  86  6:44  Pylon  
  86  6:45  Probe (Chrono Boost)  
  87  6:47  Forge  
  87  6:52  Forge  
  87  7:03  Stalker, Zealot  
  87  7:06  Zealot  
  93  7:13  Pylon  
  93  7:20  Protoss Ground Weapons Level 1  
  93  7:21  Protoss Ground Armor Level 1  
  93  7:22  High Templar  
  95  7:24  Zealot  
  95  7:25  Zealot  
  99  7:31  Pylon  
  99  7:38  Gateway  
  99  7:43  Zealot, Immortal, High Templar  
  103  7:47  Probe (Chrono Boost)  
  103  7:48  Probe x2 (Chrono Boost)  
  103  7:49  Photon Cannon  
  110  7:55  Sentry  
  113  7:59  Probe (Chrono Boost)  
  113  8:00  Probe x2 (Chrono Boost)  
  113  8:01  Assimilator  
  113  8:02  Archon, Zealot  
  117  8:05  Assimilator  
  117  8:11  Probe (Chrono Boost)  
  117  8:12  Probe x2 (Chrono Boost)  
  120  8:13  Zealot  
  120  8:16  Pylon, High Templar  
  124  8:21  Stalker  
  124  8:23  Probe (Chrono Boost)  
  124  8:24  Probe x2 (Chrono Boost)  
  124  8:26  Immortal  
  129  8:29  Nexus  
  129  8:32  Stalker, High Templar  
  138  8:35  Probe (Chrono Boost)  
  138  8:38  Probe (Chrono Boost), Pylon  
  138  8:39  Probe (Chrono Boost)  
  140  8:42  Stalker  
  140  8:43  Psionic Storm  
  140  8:47  Probe (Chrono Boost)  
  144  8:49  Probe (Chrono Boost)  
  144  8:52  Stalker  
  144  8:55  Stalker  
  148  9:02  Pylon  
  148  9:03  Stalker, Sentry  
  136  9:13  Zealot  
  114  9:17  Stalker  
  96  9:25  High Templar x2  
  100  9:32  Zealot  
  102  9:38  Stalker  
  102  9:39  Archon  
  102  9:40  Photon Cannon  
  102  9:42  Probe (Chrono Boost)  
  105  9:48  Assimilator  
  105  9:50  Pylon, High Templar  
  105  9:52  Assimilator  
  107  9:54  High Templar  
  107  9:55  Probe (Chrono Boost), Zealot  
  107  9:58  Probe (Chrono Boost), Pylon  
  107  9:59  Adept  
  108  10:00  Probe (Chrono Boost)  
  108  10:07  Probe (Chrono Boost)  
  89  10:10  Probe (Chrono Boost)  
  89  10:13  Zealot  
  68  10:18  Zealot  
  68  10:20  High Templar  
  66  10:24  Probe (Chrono Boost), Zealot  
  66  10:27  Probe (Chrono Boost)  
  60  10:30  Probe (Chrono Boost)  
  60  10:32  Zealot  
  43  10:36  Probe (Chrono Boost), Zealot  
  43  10:41  Probe (Chrono Boost)  
  31  10:43  Sentry  
  31  10:49  Probe (Chrono Boost)  
  29  10:50  Zealot  
  29  10:51  High Templar  
  29  10:54  Adept  
  26  11:04  Nexus  
Tags
 
League
Diamond
Matchup
PvP
Spawn Locations
Cross Positions
Add a new tag
Caveats
  • Supply blocks, unpowered buildings, or Contaminate may cause inaccurate times.
  • Supply counts are checked every 10 seconds.